 Dungeon Crawl Stone Soup version 0.28-a0-726-g4a9143789a (webtiles) character file.

Game seed: 814976984885203163

21 lawman0 the Grasshopper (level 2, 0/18 (23) HPs)
             Began as a Barachi Warper on Oct 27, 2021.
             Frozen to death by an endoplasm (2 damage)
             ... on level 1 of the Dungeon.
             The game lasted 00:00:38 (466 turns).

lawman0 the Grasshopper (Barachi Warper)             Turns: 466, Time: 00:00:39

HP:   0/18 (23)     AC:  3    Str: 12    XL:     2   Next: 83%
MP:   5/5           EV: 11    Int: 13    God:
Gold: 7             SH:  0    Dex: 11    Spells: 5/5 levels left

rFire   . . .      SeeInvis .   a - +0 falchion
rCold   . . .      Faith    .   (no shield)
rNeg    . . .      Spirit   .   b - +0 leather armour
rPois   .          Reflect  .   (no helmet)
rElec   .          Harm     .   (no cloak)
rCorr   .          Rampage  .   (no gloves)
Will    .....                   (no boots)
Stlth   +.........              (no amulet)
HPRegen 0.06/turn               (no ring)
MPRegen 0.09/turn               (no ring)

@: unable to hop, heavily drained, slow
A: amphibious, slowness 1, strong legs 1, +LOS
a: Hop


You were on level 1 of the Dungeon.
You visited 1 branch of the dungeon, and saw 1 of its levels.

You collected 7 gold pieces.

Inventory:

Hand Weapons
 a - a +0 falchion (weapon)
Missiles
 d - 5 boomerangs of dispersal (quivered)
Armour
 b - a +0 leather armour (worn)
Scrolls
 c - a scroll of blinking


   Skills:
 + Level 2.4 Fighting
 * Level 2.8 Long Blades
 + Level 1.4 Throwing
 + Level 1.5 Armour
 + Level 2.3 Dodging
 + Level 2.1 Spellcasting
 * Level 3.7 Translocations


You had 5 spell levels left.
You didn't know any spells.
Your spell library contained the following spells:

 Spells                   Type           Power      Damage    Failure   Level
 Blink                    Tloc           22%        N/A       11%         2
 Gell's Gravitas          Tloc           5%         N/A       21%         3
 Lesser Beckoning         Tloc           11%        N/A       21%         3
 Teleport Other           Tloc           11%        N/A       21%         3
 Manifold Assault         Tloc           11%        N/A       88%         5


Dungeon Overview and Level Annotations

Branches:
Dungeon (1/15)

Altars:


Innate Abilities, Weirdness & Mutations

You are amphibious.
You cover ground slowly.
You can hop short distances.
You have an extended range of vision and can be seen from far away.


Message History

The kobold shouts!
The bat hits you. The bat hits you but does no damage. The bat hits you.
* * * LOW HITPOINT WARNING * * *
An endoplasm comes into view.
The ball python barely misses you. The ball python closely misses you.
The bat barely misses you.
You barely miss the bat. The bat completely misses you.
The bat hits you but does no damage.
You closely miss the bat. The bat hits you but does no damage.
You hit the goblin.
You kill the goblin!
The bat hits you.
* * * LOW HITPOINT WARNING * * *
You hit the ball python.
You kill the ball python!
The bat barely misses you.
The kobold hits you with a +1 dagger of draining.
* * * LOW HITPOINT WARNING * * *
You feel drained. The bat closely misses you. The bat barely misses you.
The kobold hits you but does no damage.
You feel drained.
Things that are here:
a +0 dagger; a ball python corpse The bat hits you.
* * * LOW HITPOINT WARNING * * *
The bat closely misses you. The bat misses you. The bat hits you.
* * * LOW HITPOINT WARNING * * *
You slash the bat!
You kill the bat!
You aren't carrying any potions.
You hit the kobold but do no damage.
The kobold hits you with a +1 dagger of draining.
* * * LOW HITPOINT WARNING * * *
You feel drained.
You barely miss the kobold. The kobold hits you but does no damage.
You feel drained. The endoplasm freezes you.
You are frozen.
You die...

.... .......# ###..#
#...#.###### ....#
#.......#... ###..#
#.†>....#...
.....#####........... ..
#.................÷ ....
#.........†..?.....
......####J.................
.........)K@..........###...
.......###†.................
....#. #............###...
.. # #............# ####
#............#
#............#
...###.#.##.$###### ....$
......$....... ##....
##.#.########


You could see an endoplasm and a kobold.

Vanquished Creatures
  A dart slug (D:1)
  3 goblins (D:1)
  2 hobgoblins (D:1)
  A quokka (D:1)
  4 ball pythons (D:1)
  3 bats (D:1)
  2 frilled lizards (D:1)
  A kobold (D:1)
  A rat (D:1)
18 creatures vanquished.

Notes
Turn   | Place    | Note
-------+----------+-------------------------------------------
     0 | D:1      | lawman0 the Barachi Warper began the quest for the Orb.
     0 | D:1      | Reached XP level 1. HP: 17/17 MP: 3/3
   148 | D:1      | Reached XP level 2. HP: 21/23 MP: 5/5
   466 | D:1      | Frozen to death by an endoplasm

Illustrated notes

Levels and vault maps discovered:
D:1:      mrwooster_arrival_statue_2, layout_loops_ring,
          chequers_serial_rivers_room_b, minmay_misc_feat_tiny

Action                   || total
-------------------------++-------
Melee: Falchion          ||    51
 Abil: Hop               ||     1
  Use: Potion            ||     1
Armor: Leather armour    ||    22
Dodge: Dodged            ||    41

Table legend: (Time is in decaauts)
 A = Elapsed time spent in this place.
 B = Non-inter-level travel time spent in this place.
 C = Inter-level travel time spent in this place.
 D = Time resting spent in this place.
 E = Time spent auto-exploring this place.
 F = Levels seen in this place.
 G = Mean time per level.
                   A        B        C        D        E       F      G
               +--------+--------+--------+--------+--------+-----+--------+
         Total |    493 |    493 |      0 |    226 |    146 |   1 |  493.0 |
       Dungeon |    493 |    493 |      0 |    226 |    146 |   1 |  493.0 |
               +--------+--------+--------+--------+--------+-----+--------+

Top non-repeatable levels by time:
     D:1: 493 daAuts
